 Dungeon Crawl Stone Soup version 0.25-a0-353-ged6d54792d (webtiles) character file.

Game seed: 17989070252214302589, levelgen mode: classic

191 Borgoz the Chopper (level 5, -4/46 HPs)
             Began as a Minotaur Gladiator on Jan 3, 2020.
             Slain by a yak (9 damage)
             ... on level 7 of the Dungeon.
             The game lasted 00:02:51 (2225 turns).

Borgoz the Chopper (Minotaur Gladiator)             Turns: 2225, Time: 00:02:51

Health: -4/46      AC:  5    Str: 20    XL:     5   Next: 42%
Magic:  0/4        EV: 12    Int: 10    God:
Gold:   102        SH:  0    Dex: 11    Spells: 4/4 levels left

rFire    + . .     SeeInvis .   a - +0 war axe
rCold    . . .     Gourm    .   (no shield)
rNeg     . . .     Faith    .   v - +0 ring mail {rPois}
rPois    +         Spirit   +   c - +0 hat
rElec    .         Reflect  .   (no cloak)
rCorr    .         Harm     .   (no gloves)
MR       .....                  (no boots)
Stlth    +.........             h - amulet of guardian spirit
HPRegen  0.15/turn              m - ring of protection from fire
MPRegen  0.09/turn              t - +5 ring of intelligence

@: very slightly contaminated, invisible
A: retaliatory headbutt, horns 2
a: no special abilities


You were on level 7 of the Dungeon.
You were not hungry.

You visited 1 branch of the dungeon, and saw 5 of its levels.

You collected 102 gold pieces.

Inventory:

Hand Weapons
 a - a +0 war axe (weapon)
Missiles
 d - 3 throwing nets (quivered)
Armour
 c - a +0 hat (worn)
 v - a +0 ring mail of poison resistance (worn)
Jewellery
 h - an amulet of guardian spirit (around neck)
 m - a ring of protection from fire (left hand)
 t - a +5 ring of intelligence (right hand)
Scrolls
 b - 2 scrolls of identify {unknown}
 e - a scroll of noise {unknown}
 j - a scroll of immolation {unknown}
 o - 3 scrolls of remove curse {unknown}
 r - a scroll of magic mapping {unknown}
Potions
 i - 2 potions of curing {unknown}
 k - a potion of cancellation {unknown}
 l - 2 potions of brilliance {unknown}
 n - a potion of heal wounds {unknown}
 p - a potion of invisibility
 s - a potion of agility {unknown}
 u - a potion of lignification {unknown}
Comestibles
 f - 8 rations
 g - a chunk of flesh


   Skills:
 + Level 4.0 Fighting
 + Level 4.8 Axes
 - Level 2.0 Throwing
 + Level 3.0 Armour
 + Level 4.3 Dodging


You had 4 spell levels left.
You didn't know any spells.
Your spell library was empty.

Dungeon Overview and Level Annotations

Branches:
Dungeon (7/15)             Temple (0/1) D:6

Altars:
Cheibriados


Innate Abilities, Weirdness & Mutations

You reflexively headbutt those who attack you in melee.
You have a pair of horns on your head.


Message History

The yak is moderately wounded.
The yak barely misses you. You furiously retaliate!
You headbutt the yak. The yak gores you.
* * * LOW HITPOINT WARNING * * *
You see here an adder skeleton.
There is a stone staircase leading down here.
You climb downwards.
Found a stone staircase leading down.
There is a stone staircase leading up here.
You closely miss the yak.
The yak is heavily wounded.
The yak barely misses you. The yak closely misses you.
You closely miss the yak. You headbutt the yak!
The yak is severely wounded.
The yak gores you.
* * * LOW HITPOINT WARNING * * *
You hit the yak but do no damage. You headbutt the yak!
The yak is severely wounded.
The yak gores you!
You die... ########### #.....@Y..# #.######.## #

You could see a yak.

Vanquished Creatures
  An orc priest (D:6)
  Jessica (D:2)
  4 adders
  A shadow imp (D:6)
  A worm (D:2)
  2 dart slugs
  3 leopard geckos
  5 orcs
  2 ball pythons
  11 bats
  3 giant cockroaches
  10 goblins
  10 hobgoblins
  10 kobolds
  A quokka (D:2)
  5 frilled lizards
  7 rats
77 creatures vanquished.

Notes
Turn   | Place    | Note
-------+----------+-------------------------------------------
     0 | D:1      | Borgoz the Minotaur Gladiator began the quest for the Orb.
     0 | D:1      | Reached XP level 1. HP: 18/18 MP: 0/0
   148 | D:1      | Reached XP level 2. HP: 25/25 MP: 1/1
   170 | D:1      | Reached skill level 1 in Armour
   602 | D:1      | Reached XP level 3. HP: 31/31 MP: 2/2
   923 | D:2      | Noticed Jessica
   944 | D:2      | Killed Jessica
   944 | D:2      | Reached XP level 4. HP: 8/38 MP: 3/3
  1853 | D:3      | Found a snail-covered altar of Cheibriados.
  1932 | D:3      | Reached XP level 5. HP: 42/46 MP: 4/4
  1939 | D:3      | You fall into a shaft and drop 3 floors!
  1939 | D:6      | Found a staircase to the Ecumenical Temple.
  2202 | D:6      | Noticed a yak
  2202 | D:6      | Noticed a yak
  2202 | D:6      | Noticed a yak
  2202 | D:6      | Noticed a yak
  2225 | D:7      | Slain by a yak

Levels and vault maps discovered:
D:1:      nzn_arrival_settlement, layout_loops_ring, serial_rivers,
          chequers_serial_rivers_marsh, chequers_serial_rivers_large_a,
          chequers_serial_rivers_room_b, chequers_serial_rivers_room_a
D:2:      minmay_chambers_of_twos, layout_basic, first_ration, uniq_jessica
D:3:      layout_loops_corners, kennysheep_slug_shrine,
          grunt_temple_overflow_diamond, uniq_purgy, uniq_robin, uniq_sigmund
D:6:      layout_loops_corners, marbit_many_paths, minmay_temple_entry_junction,
          serial_shops, kennysheep_little_box, chequers_garden
D:7:      layout_basic, grunt_ogre_cave, uniq_prince_ribbit1, uniq_harold

Skill      XL: |  1  2  3  4  5 |
---------------+----------------+-----
Armour         | 1 2 3 |  3.0
Axes           | 4 |  4.8
Fighting       | 3 4 |  4.0
Dodging        | 4 |  4.3
Throwing       | |  2.0

Action                   |  1- 3 |  4- 6 || total
-------------------------+-------+-------++-------
Melee: War axe           |    74 |    81 ||   155
       Headbutt          |     5 |    14 ||    19
  Use: Potion            |       |     1 ||     1
  Eat: Chunk             |       |     4 ||     4
Armor: Ring mail         |    37 |    36 ||    73
Dodge: Dodged            |    79 |    80 ||   159

Table legend:
 A = Non-vault XP
 B = Vault XP
 C = Vault XP percentage of total XP
 D = Non-vault monster count
 E = Vault monster count
 F = Vault count percentage of total count
                 A         B        C        D         E       F
            +---------+---------+-------+---------+---------+-------
      Total |     206 |      68 |  24.8 |      67 |      10 |  13.0
            +---------+---------+-------+---------+---------+-------
        D:1 |      48 |       0 |   0.0 |      30 |       0 |   0.0
        D:2 |      75 |      64 |  46.0 |      28 |       9 |  24.3
        D:3 |       6 |       4 |  40.0 |       2 |       1 |  33.3
        D:6 |      77 |       0 |   0.0 |       7 |       0 |   0.0
            +---------+---------+-------+---------+---------+-------
